 Dungeon Crawl Stone Soup version 0.19-a0-1051-gdb7e7f8 (webtiles) character file.

24 JustSomeDude the Skirmisher (level 3, 0/26 HPs)
             Began as an Octopode Monk on Aug 1, 2016.
             Slain by a rat (2 damage)
             ... on level 1 of the Dungeon.
             The game lasted 00:02:56 (434 turns).

JustSomeDude the Skirmisher (Octopode Monk)          Turns: 434, Time: 00:03:00

Health: 0/26       AC:  1    Str: 10    XL:     3   Next: 2%
Magic:  3/3        EV: 20    Int: 12    God:
Gold:   42         SH:  0    Dex: 20    Spells: 0 memorised, 2 levels left

rFire  . . .     SeeInvis .     a - +0 hand axe
rCold  . . .     Gourm    .     (no shield)
rNeg   . . .     Faith    .     (helmet restricted)
rPois  .         Spirit   .     (no amulet)
rElec  .         Dismiss  .     (no ring)
rCorr  .         Reflect  .     (no ring)
SustAt .         Harm     .     (no ring)
MR     .....                    (no ring)
Stlth  +++++.....               (no ring)
                                (no ring)
                                (no ring)
                                (no ring)

@: agile, not resistant to hostile enchantments, quite stealthy
A: almost no armour, amphibious, 8 rings, constrict 8, camouflage 1, gelatinous
body 1
a: no special abilities


You were on level 1 of the Dungeon.
You were not hungry.

You visited 1 branch of the dungeon, and saw 1 of its levels.

You collected 42 gold pieces.

Inventory:

Hand Weapons
 a - a +0 hand axe (weapon)
Jewellery
 g - an uncursed ring of resist corrosion {unknown}
Scrolls
 e - a scroll of amnesia {unknown}
 f - a scroll of magic mapping {unknown}
 j - a scroll of teleportation {unknown}
Potions
 c - a potion of agility
 h - a potion of might {unknown}
 i - a potion of flight {unknown}
Comestibles
 b - 2 bread rations
 d - a meat ration


   Skills:
 + Level 3.5 Fighting
 + Level 3.3 Axes
 + Level 3.1 Dodging
 + Level 3.2 Stealth


You had 2 spell levels left.
You didn't know any spells.

Dungeon Overview and Level Annotations

Branches:
Dungeon (1/15)

Altars:


Innate Abilities, Weirdness & Mutations

You cannot wear most types of armour.
You are amphibious.
You can wear up to eight rings at the same time.
You can use your tentacles to constrict eight enemies at once.
Your skin changes colour to match your surroundings (Stealth+).
Your rubbery body absorbs attacks. (AC +1, EV +1)


Message History

You hit the kobold. The giant cockroach bites you.
* * * LOW HITPOINT WARNING * * *
The kobold hits you with a whip.
* * * LOW HITPOINT WARNING * * *
It was a potion of agility.
You feel agile all of a sudden. The giant cockroach misses you.
The rat completely misses you. The kobold misses you.
The giant cockroach completely misses you.
You hit the kobold.
You kill the kobold!
You have reached level 3!
Your experience leads to an increase in your attributes!
Your base attributes are Str 10, Int 12, Dex 14.
Increase (S)trength, (I)ntelligence, or (D)exterity?
You feel agile.
You hit the rat. You hit the giant cockroach. The rat bites you.
* * * LOW HITPOINT WARNING * * *
The giant cockroach misses you. The rat bites you.
You die...

#.#.[.≈...# #.# #.#
#.#.⌠.≈.⌠.# #. ## #..#
#.# #.#...≈...# #.#. (.
.)... .# #.###...###
#.#.#.#######.### #.#
##<## #.#......... ..
#.# ### #.........# ..#
#.# #.........## #.# #)#
#....)...... .. #.#
#...@s....# #†#
#....r....#
#.###########.......###
)..............####.....
.#############(# $....
.# #.# .... .###### #.#
..( ......########.# ...
#..............#


You could see a giant cockroach and a rat.

Vanquished Creatures
  An ooze (D:1)
  2 dart slugs (D:1)
  2 giant cockroaches (D:1)
  3 goblins (D:1)
  2 hobgoblins (D:1)
  A bat (D:1)
  4 kobolds (D:1)
  2 rats (D:1)
17 creatures vanquished.

Notes
Turn   | Place    | Note
-------+----------+-------------------------------------------
     0 | D:1      | JustSomeDude the Octopode Monk began the quest for the Orb.
     0 | D:1      | Reached XP level 1. HP: 16/16 MP: 1/1
   257 | D:1      | Reached XP level 2. HP: 18/21 MP: 2/2
   434 | D:1      | Reached XP level 3. HP: 4/26 MP: 3/3
   434 | D:1      | Slain by a rat

Vault maps used:
D:1:      mainiacjoe_arrival_reflecting_pool, grunt_decor_mini_mirrors,
          minmay_unequal

Skill      XL: |  1 |
---------------+----+-----
Stealth        | 3 |  3.2
Fighting       | |  3.5
Axes           | |  3.3
Dodging        | |  3.1

Action                   || total
-------------------------++-------
Melee: Hand axe          ||    28
       Constrict         ||     7
       Tentacles         ||     4
  Use: Potion            ||     1
 Stab: Sleeping          ||     5
Armor: Skin              ||     1
Dodge: Dodged            ||    16
